MONTREAL Canadiens vs PITTSBURGH Penguins

Created - 6 octobre 2018 at 17:59

Goals
1 2 3 T
MONTREAL Canadiens 1 1 0 2
PITTSBURGH Penguins 1 1 1 3
Shots
1 2 3 T
MONTREAL Canadiens 11 7 9 27
PITTSBURGH Penguins 12 7 12 31

1st period

1. PITTSBURGH Penguins , Brian Boyle 1 (Zach Parise 1, Tanner Pearson 2) at 1:48
2. MONTREAL Canadiens , Frans Nielsen 1 (Mathieu Perreault 1, Paul Martin 1) at 5:30 (PP)

Penalties :
Dustin Brown (PIT) for Hooking (Minor) at 3:55, Evgeni Malkin (PIT) for Roughing (Minor) at 9:52, Brian Boyle (PIT) for Fighting (Major) at 14:36, Clayton Stoner (MTL) for Fighting (Major) at 14:36, Brian Boyle (PIT) for instigated a fight (Game Misconduct) at 14:36

2nd period

3. PITTSBURGH Penguins , Patrik Laine 1 (Tanner Pearson 3, Thomas Chabot 1) at 4:41
4. MONTREAL Canadiens , Jason Pominville 1 (Frans Nielsen 1, Anthony Beauvillier 2) at 8:33

Penalties :
Clayton Stoner (MTL) for Holding (Minor) at 6:14, Kevin Gravel (MTL) for Holding Stick (Minor) at 10:50

3rd period

5. PITTSBURGH Penguins , Alexander Radulov 1 (Bryan Little 1, Dustin Brown 2) at 0:27

Penalties :
Alexander Radulov (PIT) for Interference (Minor) at 2:40, Derrick Pouliot (MTL) for Holding (Minor) at 18:15

Goalie Stats

Kari Lehtonen (MTL), 28 saves from 31 shots - (0,903), L, 0-2-0, 60:00 minutes
Christopher Gibson (PIT), 25 saves from 27 shots - (0,926), W, 2-0-0, 60:00 minutes

Players Stats for MONTREAL Canadiens

Player Name              G  A  P  +/- PIM S  H  SB GA TA FO     MP     PP MP  PK MP  
------------------------------------------------------------------------------------
Anthony Beauvillier      0  1  1   1  0   4  0  0  0  0  2/4    21:39   3:56   1:48 
Anthony Cirelli          0  0  0  -1  0   0  0  0  0  0  1/1    10:23   0:38   3:51 
Anthony Mantha           0  0  0   0  0   0  2  0  0  0  0/0    12:22   0:00   0:00 
Brian Gionta             0  0  0   0  0   1  1  0  0  0  0/0    12:46   0:00   0:00 
Clayton Stoner           0  0  0  -1  7   1  1  0  0  0  0/0    17:54   2:33   1:38 
Derrick Pouliot          0  0  0  -1  2   1  2  1  0  0  0/0    23:17   3:09   1:48 
Frans Nielsen            1  1  2   0  0   2  1  0  0  0  17/24  18:27   3:36   2:46 
Frederick Gaudreau       0  0  0  -1  0   0  0  0  0  0  0/0     0:38   0:00   0:00 
Greg Pateryn             0  0  0   0  0   2  0  2  0  0  0/0    21:43   1:23   3:04 
Jacob de la Rose         0  0  0  -1  0   0  1  0  0  0  0/0     5:30   0:00   0:00 
Jason Pominville         1  0  1   0  0   6  3  0  0  0  0/0    15:41   3:36   0:00 
Kevin Gravel             0  0  0   0  2   0  1  1  0  0  0/0    18:59   3:00   1:52 
Mathieu Perreault        0  1  1  -2  0   2  0  1  0  0  4/6    23:24   2:58   2:59 
Paul Martin              0  1  1   0  0   2  1  2  0  0  0/0    23:06   3:36   3:02 
Phillip Danault          0  0  0  -2  0   1  0  0  0  0  1/3    21:23   3:56   0:00 
Pierre-Luc Dubois        0  0  0  -2  0   4  1  0  0  0  14/28  21:23   3:56   0:00 
Samuel Morin             0  0  0   0  0   0  3  1  0  0  0/0    13:17   1:23   0:00 
Tyler Pitlick            0  0  0   0  0   1  0  0  0  0  6/13   12:22   0:00   0:00 

Players Stats for PITTSBURGH Penguins

Player Name              G  A  P  +/- PIM S  H  SB GA TA FO     MP     PP MP  PK MP  
------------------------------------------------------------------------------------
Alexander Radulov        1  0  1   1  2   3  1  0  0  0  0/0    19:23   3:38   0:00 
Brian Boyle              1  0  1   1  17  1  0  0  0  0  5/9     4:25   0:00   1:04 
Brooks Orpik             0  0  0   0  0   3  4  1  0  0  0/0    25:08   3:10   4:38 
Bryan Little             0  1  1   1  0   1  0  0  0  0  7/18   15:46   0:00   0:00 
Dustin Brown             0  1  1   1  2   1  3  1  0  0  0/0    18:02   2:04   0:13 
Evgeni Malkin            0  0  0   0  2   5  2  0  0  0  6/12   17:59   0:00   0:00 
Jake Gardiner            0  0  0   0  0   1  0  1  0  0  0/0    24:56   3:10   4:26 
Jake Guentzel            0  0  0  -1  0   3  2  0  0  0  4/16   18:41   3:00   4:35 
Jesse Puljujarvi         0  0  0   0  0   0  1  0  0  0  0/0     7:14   0:00   0:00 
Johan Larsson            0  0  0   0  0   1  1  0  0  0  5/7     7:14   2:42   2:09 
Jordan Nolan             0  0  0   0  0   0  0  0  0  0  3/7     7:14   0:00   0:00 
Marc Staal               0  0  0   0  0   0  3  1  0  0  0/0    17:04   0:00   0:06 
Nate Schmidt             0  0  0   0  0   1  1  1  0  0  0/0    22:36   2:32   3:06 
Patrik Laine             1  0  1   1  0   5  0  0  0  0  2/7    24:03   3:38   2:44 
Robert Bortuzzo          0  0  0   2  0   0  0  1  0  0  0/0    17:48   2:32   2:48 
Tanner Pearson           0  2  2   1  0   4  1  0  0  0  1/1    19:23   2:04   4:19 
Thomas Chabot            0  1  1   2  0   0  0  2  0  0  0/0    12:28   0:00   0:00 
Zach Parise              0  1  1   1  0   2  0  1  0  0  1/2    13:00   0:00   0:00 

3 Stars

1 - Frans Nielsen (MTL)
2 - Tanner Pearson (PIT)
3 - Patrik Laine (PIT)

Power Play

MONTREAL Canadiens - 1 on 4 Attempt(s) - 25,00%
PITTSBURGH Penguins - 0 on 3 Attempt(s) - 0,00%

Penalty Kill

MONTREAL Canadiens - 3 on 3 Attempt(s) - 100,00% - Score 0 goal in Penalty Kill
PITTSBURGH Penguins - 3 on 4 Attempt(s) - 75,00% - Score 0 goal in Penalty Kill

Team Stat

MONTREAL Canadiens - Hits : 17 - Faceoff Wins : 45 - Blocked Shots : 8 - Penalty Minutes : 11
PITTSBURGH Penguins - Hits : 19 - Faceoff Wins : 34 - Blocked Shots : 9 - Penalty Minutes : 23

Official

Referees : Unknown
Linesman : Unknown

Game Notes

Brian Boyle beats up Clayton Stoner at 14:36 of 1st period
Brian Boyle ejected from game at 14:36 of 1st period

Finance

Level 1 -- Attendance: 4751 (79,18%) -- Ticket Income 475 100 $
Level 2 -- Attendance: 4421 (88,42%) -- Ticket Income 265 260 $
Level 3 -- Attendance: 2000 (100,00%) -- Ticket Income 70 000 $
Level 4 -- Attendance: 4000 (100,00%) -- Ticket Income 80 000 $
Luxury Box -- Attendance: 823 (82,30%) -- Ticket Income 164 600 $
Game was played at the Consol Energy Center.
Total Attendance: 15995 (88,86%)
Total Ticket Income: 1 054 960 $
Other Income: 411 434 $
Total Income: 1 466 394 $

MONTREAL Canadiens

5 vs 5 Forward 
   Center                   Left Wing                Right Wing               Time % Phy DF OF 
 1 Pierre-Luc Dubois        Mathieu Perreault        Phillip Danault          40     1   2  2  
 2 Frans Nielsen            Anthony Beauvillier      Jason Pominville         30     1   2  2  
 3 Anthony Beauvillier      Jacob de la Rose         Anthony Cirelli          20     1   2  2  
 4 Tyler Pitlick            Brian Gionta             Anthony Mantha           10     1   2  2  

5 vs 5 Defense 
   Defense                  Defense                                           Time % Phy DF OF 
 1 Greg Pateryn             Paul Martin                                       40     1   2  2  
 2 Derrick Pouliot          Clayton Stoner                                    30     1   2  2  
 3 Kevin Gravel             Samuel Morin                                      20     1   2  2  
 4 Paul Martin              Derrick Pouliot                                   10     1   2  2  

PowerPlay Forward 
   Center                   Left Wing                Right Wing               Time % Phy DF OF 
 1 Pierre-Luc Dubois        Anthony Beauvillier      Phillip Danault          60     1   2  2  
 2 Frans Nielsen            Mathieu Perreault        Jason Pominville         40     1   2  2  

PowerPlay Defense
   Defense                  Defense                                           Time % Phy DF OF 
 1 Clayton Stoner           Derrick Pouliot                                   60     1   2  2  
 2 Paul Martin              Kevin Gravel                                      40     1   2  2  

Penalty Kill 4 Players Forward 
   Center                   Wing                     Time % Phy DF OF 
 1 Mathieu Perreault        Anthony Cirelli          60     1   2  2  
 2 Frans Nielsen            Anthony Beauvillier      40     1   2  2  

Penalty Kill 4 Players Defense
   Defense                  Defense                  Time % Phy DF OF 
 1 Kevin Gravel             Clayton Stoner           60     1   2  2  
 2 Paul Martin              Derrick Pouliot          40     1   2  2  

Penalty Kill - 3 Players Forward 
   Forward                                           Time % Phy DF OF 
 1 Frans Nielsen                                     60     1   2  2  
 2 Anthony Beauvillier                               40     1   2  2  

Penalty Kill - 3 Players Defense
   Defense                  Defense                  Time % Phy DF OF 
 1 Kevin Gravel             Derrick Pouliot          60     1   2  2  
 2 Paul Martin              Clayton Stoner           40     1   2  2  

4 vs 4 Forward 
   Center                   Wing                     Time % Phy DF OF 
 1 Mathieu Perreault        Pierre-Luc Dubois        60     1   2  2  
 2 Frans Nielsen            Anthony Beauvillier      40     1   2  2  

4 vs 4 Defense
   Defense                  Defense                  Time % Phy DF OF 
 1 Derrick Pouliot          Paul Martin              60     1   2  2  
 2 Clayton Stoner           Kevin Gravel             40     1   2  2  

Last Minutes Offensive
   Center                   Left Wing                Right Wing               Defense                  Defense                  
   Pierre-Luc Dubois        Mathieu Perreault        Phillip Danault          Greg Pateryn             Paul Martin              

Last Minutes Defensive
   Center                   Left Wing                Right Wing               Defense                  Defense                  
   Pierre-Luc Dubois        Mathieu Perreault        Phillip Danault          Greg Pateryn             Paul Martin              

Goaltenders
Starting : Kari Lehtonen            
Backup : Carter Hutton            

Extra Forwards
Normal : Anthony Cirelli, Anthony Beauvillier, Frans Nielsen - PP : Anthony Cirelli, Anthony Beauvillier - PK : Frans Nielsen
Extra Defensemen
Normal : Kevin Gravel, Derrick Pouliot, Paul Martin - PP : Kevin Gravel - PK : Kevin Gravel, Paul Martin
Penalty Shots
Anthony Beauvillier, Mathieu Perreault, Frans Nielsen, Jason Pominville, Phillip Danault

PITTSBURGH Penguins

5 vs 5 Forward 
   Center                   Left Wing                Right Wing               Time % Phy DF OF 
 1 Evgeni Malkin            Jake Guentzel            Patrik Laine             35     1   2  2  
 2 Bryan Little             Dustin Brown             Alexander Radulov        31     1   2  2  
 3 Brian Boyle              Tanner Pearson           Zach Parise              24     1   2  2  
 4 Jordan Nolan             Evgeni Malkin            Jesse Puljujarvi         10     1   2  2  

5 vs 5 Defense 
   Defense                  Defense                                           Time % Phy DF OF 
 1 Brooks Orpik             Jake Gardiner                                     40     1   2  2  
 2 Marc Staal               Nate Schmidt                                      30     1   2  2  
 3 Robert Bortuzzo          Thomas Chabot                                     20     1   2  2  
 4 Brooks Orpik             Jake Gardiner                                     10     1   2  2  

PowerPlay Forward 
   Center                   Left Wing                Right Wing               Time % Phy DF OF 
 1 Brian Boyle              Patrik Laine             Alexander Radulov        60     1   2  2  
 2 Jake Guentzel            Tanner Pearson           Dustin Brown             40     1   2  2  

PowerPlay Defense
   Defense                  Defense                                           Time % Phy DF OF 
 1 Jake Gardiner            Brooks Orpik                                      60     1   2  2  
 2 Robert Bortuzzo          Nate Schmidt                                      40     1   2  2  

Penalty Kill 4 Players Forward 
   Center                   Wing                     Time % Phy DF OF 
 1 Jake Guentzel            Tanner Pearson           60     1   2  2  
 2 Brian Boyle              Patrik Laine             40     1   2  2  

Penalty Kill 4 Players Defense
   Defense                  Defense                  Time % Phy DF OF 
 1 Brooks Orpik             Jake Gardiner            60     1   2  2  
 2 Robert Bortuzzo          Nate Schmidt             40     1   2  2  

Penalty Kill - 3 Players Forward 
   Forward                                           Time % Phy DF OF 
 1 Patrik Laine                                      60     1   2  2  
 2 Brian Boyle                                       40     1   2  2  

Penalty Kill - 3 Players Defense
   Defense                  Defense                  Time % Phy DF OF 
 1 Brooks Orpik             Marc Staal               60     1   2  2  
 2 Robert Bortuzzo          Nate Schmidt             40     1   2  2  

4 vs 4 Forward 
   Center                   Wing                     Time % Phy DF OF 
 1 Tanner Pearson           Patrik Laine             60     1   2  2  
 2 Jake Guentzel            Alexander Radulov        40     1   2  2  

4 vs 4 Defense
   Defense                  Defense                  Time % Phy DF OF 
 1 Brooks Orpik             Robert Bortuzzo          60     1   2  2  
 2 Marc Staal               Nate Schmidt             40     1   2  2  

Last Minutes Offensive
   Center                   Left Wing                Right Wing               Defense                  Defense                  
   Evgeni Malkin            Patrik Laine             Dustin Brown             Brooks Orpik             Jake Gardiner            

Last Minutes Defensive
   Center                   Left Wing                Right Wing               Defense                  Defense                  
   Evgeni Malkin            Patrik Laine             Dustin Brown             Brooks Orpik             Jake Gardiner            

Goaltenders
Starting : Christopher Gibson       
Backup : Devan Dubnyk             

Extra Forwards
Normal : Patrik Laine, Jake Guentzel, Tanner Pearson - PP : Patrik Laine, Jake Guentzel - PK : Tanner Pearson
Extra Defensemen
Normal : Robert Bortuzzo, Brooks Orpik, Nate Schmidt - PP : Robert Bortuzzo - PK : Brooks Orpik, Nate Schmidt
Penalty Shots
Tanner Pearson, Patrik Laine, Jake Guentzel, Brian Boyle, Alexander Radulov


% Time on Ice - MONTREAL Canadiens

Lines # - Real PCT - Wanted PCT - Time Play
Normal Forward
1 - 37% - 40% - 17:27
2 - 24% - 30% - 11:27
3 - 12% - 20% - 5:30
4 - 26% - 10% - 12:22
Normal Defense
1 - 35% - 40% - 16:19
2 - 35% - 30% - 16:23
3 - 25% - 20% - 11:54
4 - 5% - 10% - 2:10
PP Forward
1 - 52% - 60% - 3:56
2 - 48% - 40% - 3:36
PP Defense
1 - 42% - 60% - 3:09
2 - 58% - 40% - 4:23
PK Forward
1 - 71% - 60% - 4:04
2 - 29% - 40% - 1:38
PK Defense
1 - 59% - 60% - 3:23
2 - 41% - 40% - 2:19
PK3 Forward
1 - 0% - 60%
2 - 0% - 40%
PK3 Defense
1 - 0% - 60%
2 - 0% - 40%
44 Forward
1 - 0% - 60%
2 - 0% - 40%
44 Defense
1 - 0% - 60%
2 - 0% - 40%
Last Minute Offensive  - 0:00
Last Minute Defensive  - 0:00
Total
Forward - 60:00
Defense - 60:00

% Time on Ice - PITTSBURGH Penguins

Lines # - Real PCT - Wanted PCT - Time Play
Normal Forward
1 - 23% - 35% - 10:46
2 - 34% - 31% - 15:46
3 - 28% - 24% - 13:00
4 - 15% - 10% - 7:14
Normal Defense
1 - 36% - 40% - 16:47
2 - 36% - 30% - 16:58
3 - 27% - 20% - 12:28
4 - 1% - 10% - 0:33
PP Forward
1 - 64% - 60% - 3:38
2 - 36% - 40% - 2:04
PP Defense
1 - 56% - 60% - 3:10
2 - 44% - 40% - 2:32
PK Forward
1 - 64% - 60% - 4:48
2 - 36% - 40% - 2:44
PK Defense
1 - 59% - 60% - 4:26
2 - 41% - 40% - 3:06
PK3 Forward
1 - 0% - 60%
2 - 0% - 40%
PK3 Defense
1 - 0% - 60%
2 - 0% - 40%
44 Forward
1 - 0% - 60%
2 - 0% - 40%
44 Defense
1 - 0% - 60%
2 - 0% - 40%
Last Minute Offensive  - 0:00
Last Minute Defensive  - 0:00
Total
Forward - 60:00
Defense - 60:00

Play by Play

1st period


0:01 of 1st period - Pierre-Luc Dubois wins face-off versus Evgeni Malkin in neutral zone.
0:20 of 1st period - Shot by Evgeni Malkin.
0:20 of 1st period - Shot Blocked by Mathieu Perreault.
0:22 of 1st period - Shot by Jake Guentzel.
0:22 of 1st period - Stopped by Kari Lehtonen without a rebound.
0:23 of 1st period - Frans Nielsen wins face-off versus Bryan Little in MONTREAL Canadiens zone.
0:23 of 1st period - Frans Nielsen is hit by Dustin Brown.
0:45 of 1st period - Bryan Little is hit by Jason Pominville and loses puck.
1:20 of 1st period - Shot by Zach Parise.
1:20 of 1st period - Shot Misses the Net.
1:26 of 1st period - Shot by Tanner Pearson.
1:26 of 1st period - Shot Misses the Net.
1:28 of 1st period - Shot by Brian Boyle.
1:28 of 1st period - Deflect By Tanner Pearson.
1:28 of 1st period - Shot Misses the Net.
1:46 of 1st period - Shot by Brian Boyle.
1:46 of 1st period - Shot Misses the Net.
1:48 of 1st period - Shot by Brian Boyle.
1:48 of 1st period - Goal by Brian Boyle - MONTREAL Canadiens : 0 - PITTSBURGH Penguins : 1.
1:49 of 1st period - Evgeni Malkin wins face-off versus Tyler Pitlick in neutral zone.
2:07 of 1st period - Shot by Evgeni Malkin.
2:07 of 1st period - Stopped by Kari Lehtonen without a rebound.
2:08 of 1st period - Bryan Little wins face-off versus Phillip Danault in MONTREAL Canadiens zone.
2:12 of 1st period - Bryan Little is hit by Samuel Morin and loses puck.
2:45 of 1st period - Shot by Bryan Little.
2:45 of 1st period - Stopped by Kari Lehtonen without a rebound.
2:46 of 1st period - Jordan Nolan wins face-off versus Tyler Pitlick in MONTREAL Canadiens zone.
2:51 of 1st period - Shot by Evgeni Malkin.
2:51 of 1st period - Stopped by Kari Lehtonen without a rebound.
2:52 of 1st period - Evgeni Malkin wins face-off versus Tyler Pitlick in MONTREAL Canadiens zone.
3:21 of 1st period - Shot by Evgeni Malkin.
3:21 of 1st period - Shot Misses the Net.
3:23 of 1st period - Shot by Jake Guentzel.
3:23 of 1st period - Shot Blocked by Greg Pateryn.
3:25 of 1st period - Shot by Evgeni Malkin.
3:25 of 1st period - Stopped by Kari Lehtonen with a rebound.
3:27 of 1st period - Shot by Evgeni Malkin.
3:27 of 1st period - Stopped by Kari Lehtonen without a rebound.
3:28 of 1st period - Brian Boyle wins face-off versus Anthony Beauvillier in MONTREAL Canadiens zone.
3:29 of 1st period - Shot by Tanner Pearson.
3:29 of 1st period - Shot Misses the Net.
3:40 of 1st period - Icing by Anthony Beauvillier.
3:41 of 1st period - Bryan Little wins face-off versus Anthony Beauvillier in MONTREAL Canadiens zone.
3:42 of 1st period - Shot by Alexander Radulov.
3:42 of 1st period - Shot Misses the Net.
3:55 of 1st period - Minor Penalty to Dustin Brown for Hooking.
3:56 of 1st period - Frans Nielsen wins face-off versus Jake Guentzel in PITTSBURGH Penguins zone.
3:59 of 1st period - Shot by Frans Nielsen.
3:59 of 1st period - Deflect By Jason Pominville.
3:59 of 1st period - Stopped by Christopher Gibson without a rebound.
4:00 of 1st period - Pierre-Luc Dubois wins face-off versus Jake Guentzel in PITTSBURGH Penguins zone.
5:06 of 1st period - Shot by Jason Pominville.
5:06 of 1st period - Stopped by Christopher Gibson without a rebound.
5:07 of 1st period - Brian Boyle wins face-off versus Frans Nielsen in PITTSBURGH Penguins zone.
5:24 of 1st period - Shot by Mathieu Perreault.
5:24 of 1st period - Deflect By Jason Pominville.
5:24 of 1st period - Shot Misses the Net.
5:26 of 1st period - Shot by Paul Martin.
5:26 of 1st period - Stopped by Christopher Gibson with a rebound.
5:28 of 1st period - Shot by Mathieu Perreault.
5:28 of 1st period - Stopped by Christopher Gibson with a rebound.
5:30 of 1st period - Shot by Frans Nielsen.
5:30 of 1st period - Goal by Frans Nielsen - MONTREAL Canadiens : 1 - PITTSBURGH Penguins : 1.
5:31 of 1st period - Jordan Nolan wins face-off versus Tyler Pitlick in neutral zone.
5:34 of 1st period - Shot by Jordan Nolan.
5:34 of 1st period - Shot Misses the Net.
5:54 of 1st period - Shot by Thomas Chabot.
5:54 of 1st period - Shot Blocked by Paul Martin.
6:09 of 1st period - Icing by Robert Bortuzzo.
6:10 of 1st period - Pierre-Luc Dubois wins face-off versus Jordan Nolan in PITTSBURGH Penguins zone.
6:13 of 1st period - Shot by Mathieu Perreault.
6:13 of 1st period - Deflect By Pierre-Luc Dubois.
6:13 of 1st period - Stopped by Christopher Gibson without a rebound.
6:14 of 1st period - Pierre-Luc Dubois wins face-off versus Brian Boyle in PITTSBURGH Penguins zone.
6:17 of 1st period - Shot by Mathieu Perreault.
6:17 of 1st period - Shot Misses the Net.
6:23 of 1st period - Shot by Zach Parise.
6:23 of 1st period - Shot Blocked by Kevin Gravel.
6:29 of 1st period - Shot by Tanner Pearson.
6:29 of 1st period - Stopped by Kari Lehtonen with a rebound.
6:31 of 1st period - Shot by Brooks Orpik.
6:31 of 1st period - Stopped by Kari Lehtonen with a rebound.
6:33 of 1st period - Shot by Brooks Orpik.
6:33 of 1st period - Shot Misses the Net.
7:25 of 1st period - Shot by Anthony Beauvillier.
7:25 of 1st period - Stopped by Christopher Gibson without a rebound.
7:26 of 1st period - Bryan Little wins face-off versus Tyler Pitlick in PITTSBURGH Penguins zone.
8:01 of 1st period - Shot by Dustin Brown.
8:01 of 1st period - Shot Misses the Net.
8:35 of 1st period - Shot by Evgeni Malkin.
8:35 of 1st period - Deflect By Patrik Laine.
8:35 of 1st period - Shot Blocked by Paul Martin.
8:40 of 1st period - Icing by Paul Martin.
8:41 of 1st period - Tyler Pitlick wins face-off versus Brian Boyle in MONTREAL Canadiens zone.
8:47 of 1st period - Off-side.
8:48 of 1st period - Phillip Danault wins face-off versus Brian Boyle in neutral zone.
8:58 of 1st period - Pierre-Luc Dubois is hit by Tanner Pearson and loses puck.
9:12 of 1st period - Icing by Mathieu Perreault.
9:13 of 1st period - Evgeni Malkin wins face-off versus Pierre-Luc Dubois in MONTREAL Canadiens zone.
9:15 of 1st period - Patrik Laine is hit by Clayton Stoner and loses puck.
9:52 of 1st period - Minor Penalty to Evgeni Malkin for Roughing.
9:53 of 1st period - Frans Nielsen wins face-off versus Jake Guentzel in PITTSBURGH Penguins zone.
10:54 of 1st period - Shot by Clayton Stoner.
10:54 of 1st period - Stopped by Christopher Gibson without a rebound.
10:55 of 1st period - Frans Nielsen wins face-off versus Brian Boyle in PITTSBURGH Penguins zone.
10:56 of 1st period - Shot by Jason Pominville.
10:56 of 1st period - Stopped by Christopher Gibson without a rebound.
10:57 of 1st period - Brian Boyle wins face-off versus Frans Nielsen in PITTSBURGH Penguins zone.
11:20 of 1st period - Shot by Frans Nielsen.
11:20 of 1st period - Shot Blocked by Nate Schmidt.
11:31 of 1st period - Icing by Kevin Gravel.
11:32 of 1st period - Johan Larsson wins face-off versus Frans Nielsen in MONTREAL Canadiens zone.
11:37 of 1st period - Shot by Tanner Pearson.
11:37 of 1st period - Shot Misses the Net.
11:39 of 1st period - Shot by Johan Larsson.
11:39 of 1st period - Shot Blocked by Greg Pateryn.
11:41 of 1st period - Shot by Tanner Pearson.
11:41 of 1st period - Stopped by Kari Lehtonen without a rebound.
11:42 of 1st period - Brian Boyle wins face-off versus Pierre-Luc Dubois in MONTREAL Canadiens zone.
11:47 of 1st period - Shot by Patrik Laine.
11:47 of 1st period - Stopped by Kari Lehtonen without a rebound.
11:48 of 1st period - Jake Guentzel wins face-off versus Pierre-Luc Dubois in MONTREAL Canadiens zone.
11:57 of 1st period - Shot by Anthony Cirelli.
11:57 of 1st period - Shot Misses the Net.
12:19 of 1st period - Shot by Anthony Beauvillier.
12:19 of 1st period - Shot Hit the Post.
12:25 of 1st period - Nate Schmidt is hit by Jacob de la Rose and loses puck.
13:31 of 1st period - Shot by Phillip Danault.
13:31 of 1st period - Shot Blocked by Brooks Orpik.
13:33 of 1st period - Shot by Mathieu Perreault.
13:33 of 1st period - Deflect By Pierre-Luc Dubois.
13:33 of 1st period - Stopped by Christopher Gibson without a rebound.
13:34 of 1st period - Brian Boyle wins face-off versus Tyler Pitlick in PITTSBURGH Penguins zone.
13:34 of 1st period - Brian Boyle is hit by Brian Gionta.
14:36 of 1st period - Brian Boyle beats up Clayton Stoner.
14:36 of 1st period - Penalty to Brian Boyle for Fighting.
14:36 of 1st period - Penalty to Clayton Stoner for Fighting.
14:36 of 1st period - Penalty to Brian Boyle for instigated a fight.
14:36 of 1st period - Brian Boyle is ejected from game.
14:37 of 1st period - Johan Larsson wins face-off versus Frans Nielsen in MONTREAL Canadiens zone.
15:24 of 1st period - Shot by Jake Guentzel.
15:24 of 1st period - Stopped by Kari Lehtonen without a rebound.
15:25 of 1st period - Jake Guentzel wins face-off versus Phillip Danault in MONTREAL Canadiens zone.
17:36 of 1st period - Off-side.
17:37 of 1st period - Anthony Beauvillier wins face-off versus Bryan Little in neutral zone.
17:44 of 1st period - Shot by Anthony Beauvillier.
17:44 of 1st period - Shot Hit the Post.
17:46 of 1st period - Shot by Anthony Beauvillier.
17:46 of 1st period - Shot Misses the Net.
17:48 of 1st period - Shot by Anthony Beauvillier.
17:48 of 1st period - Shot Blocked by Jake Gardiner.
17:50 of 1st period - Shot by Greg Pateryn.
17:50 of 1st period - Stopped by Christopher Gibson without a rebound.
17:51 of 1st period - Pierre-Luc Dubois wins face-off versus Zach Parise in PITTSBURGH Penguins zone.
17:58 of 1st period - Tanner Pearson is hit by Pierre-Luc Dubois and loses puck.
18:05 of 1st period - Shot by Phillip Danault.
18:05 of 1st period - Shot Misses the Net.
18:57 of 1st period - Mathieu Perreault is hit by Dustin Brown and loses puck.
19:07 of 1st period - Greg Pateryn is hit by Brooks Orpik and loses puck.
19:13 of 1st period - Off-side.
19:14 of 1st period - Frans Nielsen wins face-off versus Jordan Nolan in neutral zone.
19:18 of 1st period - Kevin Gravel is hit by Nate Schmidt and loses puck.
Goals for this period are 1 for MONTREAL Canadiens vs 1 for PITTSBURGH Penguins.
Shots for this period are 11 for MONTREAL Canadiens vs 12 for PITTSBURGH Penguins.

2nd period


0:01 of 2nd period - Frans Nielsen wins face-off versus Patrik Laine in neutral zone.
0:10 of 2nd period - Shot by Frans Nielsen.
0:10 of 2nd period - Shot Misses the Net.
0:12 of 2nd period - Shot by Anthony Beauvillier.
0:12 of 2nd period - Shot Misses the Net.
0:14 of 2nd period - Shot by Greg Pateryn.
0:14 of 2nd period - Stopped by Christopher Gibson with a rebound.
1:27 of 2nd period - Frans Nielsen is hit by Marc Staal and loses puck.
1:40 of 2nd period - Greg Pateryn is hit by Dustin Brown and loses puck.
2:02 of 2nd period - Icing by Kevin Gravel.
2:03 of 2nd period - Patrik Laine wins face-off versus Pierre-Luc Dubois in MONTREAL Canadiens zone.
2:03 of 2nd period - Patrik Laine is hit by Kevin Gravel.
2:33 of 2nd period - Shot by Patrik Laine.
2:33 of 2nd period - Shot Misses the Net.
2:41 of 2nd period - Shot by Patrik Laine.
2:41 of 2nd period - Shot Blocked by Samuel Morin.
2:43 of 2nd period - Shot by Zach Parise.
2:43 of 2nd period - Stopped by Kari Lehtonen with a rebound.
4:41 of 2nd period - Shot by Patrik Laine.
4:41 of 2nd period - Goal by Patrik Laine - MONTREAL Canadiens : 1 - PITTSBURGH Penguins : 2.
4:42 of 2nd period - Tyler Pitlick wins face-off versus Patrik Laine in neutral zone.
4:56 of 2nd period - Shot by Tanner Pearson.
4:56 of 2nd period - Shot Misses the Net.
4:58 of 2nd period - Shot by Jake Gardiner.
4:58 of 2nd period - Shot Misses the Net.
5:02 of 2nd period - Shot by Jake Gardiner.
5:02 of 2nd period - Shot Misses the Net.
5:19 of 2nd period - Icing by Tanner Pearson.
5:20 of 2nd period - Pierre-Luc Dubois wins face-off versus Patrik Laine in PITTSBURGH Penguins zone.
5:21 of 2nd period - Shot by Derrick Pouliot.
5:21 of 2nd period - Stopped by Christopher Gibson with a rebound.
5:23 of 2nd period - Shot by Phillip Danault.
5:23 of 2nd period - Stopped by Christopher Gibson without a rebound.
5:24 of 2nd period - Jordan Nolan wins face-off versus Pierre-Luc Dubois in PITTSBURGH Penguins zone.
5:30 of 2nd period - Off-side.
5:31 of 2nd period - Bryan Little wins face-off versus Pierre-Luc Dubois in neutral zone.
5:45 of 2nd period - Shot by Mathieu Perreault.
5:45 of 2nd period - Shot Misses the Net.
6:00 of 2nd period - Alexander Radulov is hit by Derrick Pouliot and loses puck.
6:04 of 2nd period - Alexander Radulov is hit by Derrick Pouliot and loses puck.
6:14 of 2nd period - Minor Penalty to Clayton Stoner for Holding.
6:15 of 2nd period - Mathieu Perreault wins face-off versus Jake Guentzel in MONTREAL Canadiens zone.
7:22 of 2nd period - Shot by Nate Schmidt.
7:22 of 2nd period - Shot Misses the Net.
7:24 of 2nd period - Shot by Nate Schmidt.
7:24 of 2nd period - Stopped by Kari Lehtonen without a rebound.
7:25 of 2nd period - Frans Nielsen wins face-off versus Jake Guentzel in MONTREAL Canadiens zone.
7:31 of 2nd period - Icing by Dustin Brown.
7:32 of 2nd period - Mathieu Perreault wins face-off versus Jake Guentzel in PITTSBURGH Penguins zone.
7:37 of 2nd period - Shot by Anthony Cirelli.
7:37 of 2nd period - Deflect By Mathieu Perreault.
7:37 of 2nd period - Shot Misses the Net.
7:39 of 2nd period - Shot by Paul Martin.
7:39 of 2nd period - Stopped by Christopher Gibson without a rebound.
7:40 of 2nd period - Johan Larsson wins face-off versus Mathieu Perreault in PITTSBURGH Penguins zone.
7:58 of 2nd period - Shot by Alexander Radulov.
7:58 of 2nd period - Shot Misses the Net.
8:00 of 2nd period - Shot by Patrik Laine.
8:00 of 2nd period - Shot Misses the Net.
8:33 of 2nd period - Shot by Frans Nielsen.
8:33 of 2nd period - Deflect By Jason Pominville.
8:33 of 2nd period - Goal by Jason Pominville - MONTREAL Canadiens : 2 - PITTSBURGH Penguins : 2.
8:34 of 2nd period - Tyler Pitlick wins face-off versus Jordan Nolan in neutral zone.
8:37 of 2nd period - Shot by Anthony Mantha.
8:37 of 2nd period - Shot Blocked by Thomas Chabot.
9:46 of 2nd period - Brooks Orpik is hit by Jason Pominville and loses puck.
10:22 of 2nd period - Dustin Brown is hit by Samuel Morin.
10:29 of 2nd period - Bryan Little is hit by Samuel Morin and loses puck.
10:32 of 2nd period - Shot by Marc Staal.
10:32 of 2nd period - Shot Misses the Net.
10:34 of 2nd period - Shot by Nate Schmidt.
10:34 of 2nd period - Shot Misses the Net.
10:36 of 2nd period - Shot by Marc Staal.
10:36 of 2nd period - Shot Misses the Net.
10:42 of 2nd period - Mathieu Perreault is hit by Alexander Radulov and loses puck.
10:50 of 2nd period - Minor Penalty to Kevin Gravel for Holding Stick.
10:51 of 2nd period - Mathieu Perreault wins face-off versus Jake Guentzel in MONTREAL Canadiens zone.
11:43 of 2nd period - Icing by Dustin Brown.
11:44 of 2nd period - Frans Nielsen wins face-off versus Jake Guentzel in PITTSBURGH Penguins zone.
12:02 of 2nd period - Shot by Tanner Pearson.
12:02 of 2nd period - Deflect By Dustin Brown.
12:02 of 2nd period - Shot Misses the Net.
12:30 of 2nd period - Shot by Alexander Radulov.
12:30 of 2nd period - Shot Misses the Net.
12:32 of 2nd period - Shot by Johan Larsson.
12:32 of 2nd period - Shot Blocked by Derrick Pouliot.
12:48 of 2nd period - Shot by Dustin Brown.
12:48 of 2nd period - Stopped by Kari Lehtonen without a rebound.
12:49 of 2nd period - Mathieu Perreault wins face-off versus Jake Guentzel in MONTREAL Canadiens zone.
12:56 of 2nd period - Shot by Brian Gionta.
12:56 of 2nd period - Shot Blocked by Thomas Chabot.
12:58 of 2nd period - Shot by Kevin Gravel.
12:58 of 2nd period - Shot Misses the Net.
13:00 of 2nd period - Shot by Anthony Mantha.
13:00 of 2nd period - Shot Blocked by Robert Bortuzzo.
13:02 of 2nd period - Shot by Tyler Pitlick.
13:02 of 2nd period - Stopped by Christopher Gibson without a rebound.
13:03 of 2nd period - Johan Larsson wins face-off versus Pierre-Luc Dubois in PITTSBURGH Penguins zone.
13:15 of 2nd period - Shot by Pierre-Luc Dubois.
13:15 of 2nd period - Shot Blocked by Zach Parise.
13:29 of 2nd period - Icing by Kevin Gravel.
13:30 of 2nd period - Evgeni Malkin wins face-off versus Pierre-Luc Dubois in MONTREAL Canadiens zone.
13:36 of 2nd period - Mathieu Perreault is hit by Jake Guentzel.
13:59 of 2nd period - Shot by Patrik Laine.
13:59 of 2nd period - Stopped by Kari Lehtonen without a rebound.
14:00 of 2nd period - Anthony Beauvillier wins face-off versus Bryan Little in MONTREAL Canadiens zone.
14:32 of 2nd period - Bryan Little is hit by Paul Martin and loses puck.
14:59 of 2nd period - Shot by Evgeni Malkin.
14:59 of 2nd period - Deflect By Patrik Laine.
14:59 of 2nd period - Shot Misses the Net.
15:01 of 2nd period - Shot by Nate Schmidt.
15:01 of 2nd period - Shot Misses the Net.
15:03 of 2nd period - Shot by Jake Guentzel.
15:03 of 2nd period - Stopped by Kari Lehtonen without a rebound.
15:04 of 2nd period - Zach Parise wins face-off versus Pierre-Luc Dubois in MONTREAL Canadiens zone.
15:43 of 2nd period - Shot by Patrik Laine.
15:43 of 2nd period - Stopped by Kari Lehtonen with a rebound.
15:53 of 2nd period - Icing by Brooks Orpik.
15:54 of 2nd period - Tyler Pitlick wins face-off versus Patrik Laine in PITTSBURGH Penguins zone.
16:19 of 2nd period - Shot by Anthony Mantha.
16:19 of 2nd period - Deflect By Brian Gionta.
16:19 of 2nd period - Stopped by Christopher Gibson without a rebound.
16:20 of 2nd period - Bryan Little wins face-off versus Frans Nielsen in PITTSBURGH Penguins zone.
18:28 of 2nd period - Anthony Beauvillier is hit by Jesse Puljujarvi and loses puck.
19:46 of 2nd period - Brooks Orpik is hit by Anthony Mantha.
Goals for this period are 1 for MONTREAL Canadiens vs 1 for PITTSBURGH Penguins.
Shots for this period are 7 for MONTREAL Canadiens vs 7 for PITTSBURGH Penguins.

3rd period


0:01 of 3rd period - Frans Nielsen wins face-off versus Evgeni Malkin in neutral zone.
0:01 of 3rd period - Frans Nielsen is hit by Evgeni Malkin.
0:10 of 3rd period - Frans Nielsen is hit by Brooks Orpik and loses puck.
0:19 of 3rd period - Shot by Jason Pominville.
0:19 of 3rd period - Stopped by Christopher Gibson without a rebound.
0:20 of 3rd period - Bryan Little wins face-off versus Pierre-Luc Dubois in PITTSBURGH Penguins zone.
0:27 of 3rd period - Shot by Alexander Radulov.
0:27 of 3rd period - Goal by Alexander Radulov - MONTREAL Canadiens : 2 - PITTSBURGH Penguins : 3.
0:28 of 3rd period - Frans Nielsen wins face-off versus Evgeni Malkin in neutral zone.
0:44 of 3rd period - Shot by Anthony Beauvillier.
0:44 of 3rd period - Stopped by Christopher Gibson with a rebound.
1:02 of 3rd period - Shot by Jason Pominville.
1:02 of 3rd period - Stopped by Christopher Gibson without a rebound.
1:03 of 3rd period - Pierre-Luc Dubois wins face-off versus Bryan Little in PITTSBURGH Penguins zone.
1:03 of 3rd period - Pierre-Luc Dubois is hit by Marc Staal.
1:25 of 3rd period - Pierre-Luc Dubois is hit by Marc Staal and loses puck.
1:30 of 3rd period - Shot by Pierre-Luc Dubois.
1:30 of 3rd period - Shot Blocked by Marc Staal.
1:44 of 3rd period - Shot by Mathieu Perreault.
1:44 of 3rd period - Shot Misses the Net.
1:53 of 3rd period - Off-side.
1:54 of 3rd period - Evgeni Malkin wins face-off versus Frans Nielsen in neutral zone.
1:54 of 3rd period - Evgeni Malkin is hit by Frans Nielsen.
2:23 of 3rd period - Shot by Anthony Beauvillier.
2:23 of 3rd period - Stopped by Christopher Gibson without a rebound.
2:24 of 3rd period - Tyler Pitlick wins face-off versus Patrik Laine in PITTSBURGH Penguins zone.
2:39 of 3rd period - Shot by Patrik Laine.
2:39 of 3rd period - Stopped by Kari Lehtonen without a rebound.
2:40 of 3rd period - Pierre-Luc Dubois wins face-off versus Bryan Little in MONTREAL Canadiens zone.
2:40 of 3rd period - Minor Penalty to Alexander Radulov for Interference.
2:41 of 3rd period - Jake Guentzel wins face-off versus Pierre-Luc Dubois in PITTSBURGH Penguins zone.
3:55 of 3rd period - Jason Pominville is hit by Johan Larsson and loses puck.
4:14 of 3rd period - Shot by Mathieu Perreault.
4:14 of 3rd period - Stopped by Christopher Gibson without a rebound.
4:15 of 3rd period - Pierre-Luc Dubois wins face-off versus Jake Guentzel in PITTSBURGH Penguins zone.
4:24 of 3rd period - Shot by Clayton Stoner.
4:24 of 3rd period - Shot Hit the Post.
4:26 of 3rd period - Shot by Pierre-Luc Dubois.
4:26 of 3rd period - Stopped by Christopher Gibson without a rebound.
4:27 of 3rd period - Frans Nielsen wins face-off versus Jake Guentzel in PITTSBURGH Penguins zone.
4:48 of 3rd period - Shot by Anthony Mantha.
4:48 of 3rd period - Deflect By Brian Gionta.
4:48 of 3rd period - Shot Misses the Net.
4:54 of 3rd period - Shot by Anthony Mantha.
4:54 of 3rd period - Shot Misses the Net.
4:56 of 3rd period - Shot by Greg Pateryn.
4:56 of 3rd period - Shot Blocked by Dustin Brown.
6:03 of 3rd period - Shot by Jake Gardiner.
6:03 of 3rd period - Stopped by Kari Lehtonen without a rebound.
6:04 of 3rd period - Patrik Laine wins face-off versus Pierre-Luc Dubois in MONTREAL Canadiens zone.
6:09 of 3rd period - Shot by Tanner Pearson.
6:09 of 3rd period - Stopped by Kari Lehtonen without a rebound.
6:10 of 3rd period - Pierre-Luc Dubois wins face-off versus Evgeni Malkin in MONTREAL Canadiens zone.
6:14 of 3rd period - Kevin Gravel is hit by Brooks Orpik and loses puck.
6:46 of 3rd period - Shot by Evgeni Malkin.
6:46 of 3rd period - Shot Misses the Net.
6:48 of 3rd period - Shot by Evgeni Malkin.
6:48 of 3rd period - Stopped by Kari Lehtonen with a rebound.
7:40 of 3rd period - Icing by Clayton Stoner.
7:41 of 3rd period - Frans Nielsen wins face-off versus Bryan Little in MONTREAL Canadiens zone.
7:46 of 3rd period - Marc Staal is hit by Jason Pominville and loses puck.
8:12 of 3rd period - Icing by Frans Nielsen.
8:13 of 3rd period - Frans Nielsen wins face-off versus Jake Guentzel in MONTREAL Canadiens zone.
8:18 of 3rd period - Shot by Jason Pominville.
8:18 of 3rd period - Shot Misses the Net.
8:20 of 3rd period - Shot by Frans Nielsen.
8:20 of 3rd period - Deflect By Anthony Beauvillier.
8:20 of 3rd period - Stopped by Christopher Gibson without a rebound.
8:21 of 3rd period - Evgeni Malkin wins face-off versus Tyler Pitlick in PITTSBURGH Penguins zone.
8:38 of 3rd period - Anthony Mantha is hit by Brooks Orpik and loses puck.
9:52 of 3rd period - Shot by Alexander Radulov.
9:52 of 3rd period - Stopped by Kari Lehtonen without a rebound.
9:53 of 3rd period - Frans Nielsen wins face-off versus Johan Larsson in MONTREAL Canadiens zone.
10:02 of 3rd period - Shot by Anthony Beauvillier.
10:02 of 3rd period - Shot Misses the Net.
10:21 of 3rd period - Shot by Tanner Pearson.
10:21 of 3rd period - Shot Misses the Net.
10:23 of 3rd period - Shot by Tanner Pearson.
10:23 of 3rd period - Deflect By Johan Larsson.
10:23 of 3rd period - Stopped by Kari Lehtonen without a rebound.
10:24 of 3rd period - Tyler Pitlick wins face-off versus Bryan Little in MONTREAL Canadiens zone.
10:50 of 3rd period - Shot by Alexander Radulov.
10:50 of 3rd period - Stopped by Kari Lehtonen without a rebound.
10:51 of 3rd period - Pierre-Luc Dubois wins face-off versus Evgeni Malkin in MONTREAL Canadiens zone.
10:51 of 3rd period - Mathieu Perreault is hit by Evgeni Malkin and loses puck.
10:56 of 3rd period - Shot by Patrik Laine.
10:56 of 3rd period - Shot Misses the Net.
10:58 of 3rd period - Shot by Brooks Orpik.
10:58 of 3rd period - Stopped by Kari Lehtonen without a rebound.
10:59 of 3rd period - Frans Nielsen wins face-off versus Evgeni Malkin in MONTREAL Canadiens zone.
10:59 of 3rd period - Frans Nielsen is hit by Jake Guentzel.
11:19 of 3rd period - Shot by Anthony Beauvillier.
11:19 of 3rd period - Shot Misses the Net.
11:21 of 3rd period - Shot by Frans Nielsen.
11:21 of 3rd period - Shot Misses the Net.
11:23 of 3rd period - Shot by Frans Nielsen.
11:23 of 3rd period - Stopped by Christopher Gibson without a rebound.
11:24 of 3rd period - Pierre-Luc Dubois wins face-off versus Bryan Little in PITTSBURGH Penguins zone.
11:30 of 3rd period - Off-side.
11:31 of 3rd period - Pierre-Luc Dubois wins face-off versus Bryan Little in neutral zone.
11:42 of 3rd period - Shot by Pierre-Luc Dubois.
11:42 of 3rd period - Stopped by Christopher Gibson with a rebound.
12:55 of 3rd period - Shot by Frans Nielsen.
12:55 of 3rd period - Shot Misses the Net.
14:15 of 3rd period - Icing by Tanner Pearson.
14:16 of 3rd period - Johan Larsson wins face-off versus Pierre-Luc Dubois in PITTSBURGH Penguins zone.
14:20 of 3rd period - Off-side.
14:21 of 3rd period - Pierre-Luc Dubois wins face-off versus Bryan Little in neutral zone.
14:36 of 3rd period - Shot by Phillip Danault.
14:36 of 3rd period - Shot Misses the Net.
14:40 of 3rd period - Shot by Phillip Danault.
14:40 of 3rd period - Shot Misses the Net.
15:38 of 3rd period - Shot by Zach Parise.
15:38 of 3rd period - Stopped by Kari Lehtonen with a rebound.
15:41 of 3rd period - Icing by Greg Pateryn.
15:42 of 3rd period - Frans Nielsen wins face-off versus Jordan Nolan in MONTREAL Canadiens zone.
16:31 of 3rd period - Icing by Anthony Beauvillier.
16:32 of 3rd period - Frans Nielsen wins face-off versus Bryan Little in MONTREAL Canadiens zone.
16:44 of 3rd period - Icing by Marc Staal.
16:45 of 3rd period - Bryan Little wins face-off versus Pierre-Luc Dubois in PITTSBURGH Penguins zone.
17:12 of 3rd period - Shot by Mathieu Perreault.
17:12 of 3rd period - Shot Misses the Net.
17:35 of 3rd period - Marc Staal is hit by Anthony Mantha and loses puck.
18:15 of 3rd period - Minor Penalty to Derrick Pouliot for Holding.
18:16 of 3rd period - Anthony Cirelli wins face-off versus Johan Larsson in MONTREAL Canadiens zone.
19:35 of 3rd period - Shot by Dustin Brown.
19:35 of 3rd period - Shot Misses the Net.
19:37 of 3rd period - Shot by Tanner Pearson.
19:37 of 3rd period - Stopped by Kari Lehtonen without a rebound.
19:38 of 3rd period - Tanner Pearson wins face-off versus Mathieu Perreault in MONTREAL Canadiens zone.
19:49 of 3rd period - Shot by Brooks Orpik.
19:49 of 3rd period - Stopped by Kari Lehtonen without a rebound.
19:50 of 3rd period - Jake Guentzel wins face-off versus Frans Nielsen in MONTREAL Canadiens zone.
Goals for this period are 0 for MONTREAL Canadiens vs 1 for PITTSBURGH Penguins.
Shots for this period are 9 for MONTREAL Canadiens vs 12 for PITTSBURGH Penguins.